 Dungeon Crawl Stone Soup version 0.30-a0-948-g4fa250aae5 (webtiles) character file.

Game seed: 16024646504090448956

316 DeathPants the Trooper (level 6, -3/33 HPs)
             Began as a Vine Stalker Fighter on Mar 26, 2023.
             Splashed by a jelly's acid (11 damage)
             ... in a sewer.
             The game lasted 00:04:14 (1693 turns).

DeathPants the Trooper (Vine Stalker Fighter)       Turns: 1693, Time: 00:04:15

Health: -3/33      AC:  2    Str: 19    XL:     6   Next: 44%
Magic:  0/7        EV:  9    Int: 10    God:
Gold:   136        SH:  5    Dex: 13    Spells: 5/5 levels left

rFire   . . .      SeeInvis .    a - +0 rapier
rCold   . . .      Faith    .    c - +0 buckler
rNeg    . . .      Spirit   +    b - +0 scale mail
rPois   .          Reflect  .    (no helmet)
rElec   .          Rampage  .    (no cloak)
rCorr   .                        (no gloves)
Will    .....                    (no boots) Stlth
                                 (no amulet)
HPRegen 1.05/turn                (no ring)
MPRegen 0.10/turn                (no ring)

@: corroded
A: fangs 2, regeneration 1, magic shield, antimagic bite, no potion heal 2
a: no special abilities


You were in a sewer.
You visited 1 branch of the dungeon, and saw 3 of its levels.
You also visited: Sewer.

You collected 136 gold pieces.

Inventory:

Hand Weapons
 a - a +0 rapier (weapon)
Missiles
 f - a throwing net (quivered)
 r - 5 poisoned darts
Armour
 b - a +0 scale mail (worn)
 c - a +0 buckler (worn)
Scrolls
 h - a scroll of enchant weapon {unknown}
 i - 4 scrolls of identify {unknown}
 j - a scroll of poison {unknown}
 k - a scroll of torment {unknown}
 m - a scroll of acquirement {unknown}
 n - a scroll of immolation {unknown}
 o - a scroll of fog {unknown}
 q - a scroll of enchant armour {unknown}
Potions
 d - 2 potions of might
 e - 2 potions of curing {unknown}
 g - 2 potions of heal wounds {unknown}
 l - 2 potions of magic {unknown}
 p - a potion of brilliance {unknown}
 s - a potion of attraction {unknown}


   Skills:
 + Level 4.2 Fighting
 + Level 3.7 Short Blades
 - Level 2.4 Armour
 + Level 4.2 Shields


You had 5 spell levels left.
You didn't know any spells.
Your spell library was empty.

Dungeon Overview and Level Annotations

Branches:
Dungeon (3/15)              Sewer (1/1)

Altars:


Innate Abilities, Weirdness & Mutations

You have extremely sharp teeth.
Your natural rate of healing is unusually fast.
When hurt, damage is shared between your health and your magic reserves.
Your bite disrupts and absorbs the magic of your enemies.
Potions cannot restore your health.


Message History

The endoplasm hits you but does no damage.
You hit the endoplasm.
The endoplasm is severely wounded.
The endoplasm barely misses you.
You hit the endoplasm.
You kill the endoplasm!
You enter the shallow water.
Moving in this stuff is going to be slow.
A jelly comes into view.
The jelly quivers.
Found a scroll labelled OGIORO QO AFF and a scroll labelled ANKENT GIWK.
You enter the shallow water.
Moving in this stuff is going to be slow.
Found a viscous altar of Jiyva.
The jelly barely misses you. The jelly hits you.
You are splashed with acid.
You hit the jelly.
Your hands burn!
Your bite misses the jelly.
The jelly is lightly wounded.
The jelly hits you but does no damage.
You hit the jelly.
Your hands burn!
You bite the jelly. You drain its power.
You feel invigorated.
The jelly is moderately wounded.
The jelly hits you but does no damage.
You hit the jelly but do no damage.
Your hands burn!
You bite the jelly. You drain its power.
You feel invigorated.
The jelly is heavily wounded.
The jelly hits you but does no damage.
You hit the jelly. The acid corrodes you!
Your hands burn!
You bite the jelly. You drain its power.
You feel invigorated.
The jelly is almost dead.
The jelly hits you.
You are splashed with acid!
You hit the jelly but do no damage.
Your hands burn!
* * * LOW HITPOINT WARNING * * *
The jelly is almost dead.
You block the jelly's attack.
You hit the jelly but do no damage.
Your hands burn!
* * * LOW HITPOINT WARNING * * *
Your bite misses the jelly.
The jelly is almost dead.
The jelly barely misses you. The jelly hits you.
You are splashed with acid!
You die...

#..#
..~..##~~~..##~.#
#####~~#
~...#...#~.# ...
.......#
##~.##.##~~# ..
..~..~~#
#..~###..~#
########
#...~~.~∩##
##...~..##
##..#### #~~##
#.@.# ##~J.~..~.
##.~~~~.~ ~.~~###
~.~~# #.??# ._.#
####


You could see a jelly.

Vanquished Creatures
  Grinder (D:3)
  3 adders
  A river rat (Sewer)
  A worm (Sewer)
  An orc (D:3)
  6 bats
  10 endoplasms
  14 giant cockroaches
  3 goblins
  4 hobgoblins
  3 jackals (D:1)
  8 kobolds
  6 quokkas
  7 ball pythons
  2 frilled lizards (Sewer)
  3 rats
73 creatures vanquished.

Notes
Turn   | Place    | Note
-------+----------+-------------------------------------------
     0 | D:1      | DeathPants the Vine Stalker Fighter began the quest for the
                  | Orb.
     0 | D:1      | Reached XP level 1. HP: 11/11 MP: 2/2
    64 | D:1      | Reached XP level 2. HP: 11/16 MP: 1/3
   342 | D:1      | Reached XP level 3. HP: 19/20 MP: 4/4
  1046 | D:2      | Gained mutation: Your natural rate of healing is unusually
                  | fast. [Vine Stalker growth]
  1046 | D:2      | Reached XP level 4. HP: 24/24 MP: 3/5
  1309 | D:3      | Noticed Grinder
  1327 | D:3      | Killed Grinder
  1328 | D:3      | Reached XP level 5. HP: 29/29 MP: 6/6
  1328 | D:3      | Reached XP level 6. HP: 33/33 MP: 7/7
  1480 | D:3      | Found a glowing drain.
  1506 | Sewer    | Entered a sewer
  1686 | Sewer    | Found a viscous altar of Jiyva.
  1693 | Sewer    | Splashed by a jelly's acid

Illustrated notes

Levels and vault maps discovered:
D:1:      tarquinn_simple_flora_water_e, layout_basic
D:2:      layout_basic, basic_altar, minmay_between, uniq_terence
D:3:      layout_rooms, gup_sewer_entry_pipe, fountainhead, uniq_grinder
Sewer:    sewer_hellmonk_slimy_pipes

Skill      XL: |  1  2  3  4 |
---------------+-------------+-----
Short Blades   | 2 3 |  3.7
Fighting       | 3 4 |  4.2
Shields        | 3 4 |  4.2
Armour         | |  2.4

Action                     |  1- 3 |  4- 6 || total
---------------------------+-------+-------++-------
  Melee: Rapier            |   100 |   137 ||   237
         Bite              |    22 |    31 ||    53
  Throw: Throwing net      |       |     2 ||     2
   Stab: Held in net/web   |       |     3 ||     3
 Armour: Scale mail        |    43 |    63 ||   106
  Dodge: Dodged            |    51 |    53 ||   104
  Block: Buckler           |    24 |    29 ||    53

Table legend: (Time is in decaauts)
 A = Elapsed time spent in this place.
 B = Non-inter-level travel time spent in this place.
 C = Inter-level travel time spent in this place.
 D = Time resting spent in this place.
 E = Time spent auto-exploring this place.
 F = Levels seen in this place.
 G = Mean time per level.
                   A        B        C        D        E       F      G
               +--------+--------+--------+--------+--------+-----+--------+
         Total |   1739 |   1719 |     20 |      0 |   1065 |   4 |  434.8 |
       Dungeon |   1538 |   1518 |     20 |      0 |    977 |   3 |  512.7 |
         Sewer |    201 |    201 |      0 |      0 |     88 |   1 |  201.0 |
               +--------+--------+--------+--------+--------+-----+--------+

Top non-repeatable levels by time:
     D:1: 987 daAuts
     D:2: 303 daAuts
     D:3: 247 daAuts
   Sewer: 201 daAuts
